 Dungeon Crawl Stone Soup version 0.29-a0-2-g12fcac58f8 (webtiles) character file.

Game seed: 10201663866682083105

2125 HallandMoats the Ruffian (level 9, -10/79 HPs)
             Began as a Ghoul Monk on Jan 27, 2022.
             Was a Priest of Okawaru.
             Mangled by an orc warrior (28 damage)
             ... in a bailey.
             The game lasted 00:07:47 (5406 turns).

HallandMoats the Ruffian (Ghoul Monk)               Turns: 5406, Time: 00:07:48

Health: -10/79     AC: 10    Str: 17    XL:     9   Next: 29%
Magic:  9/11       EV: 13    Int:  7    God:    Okawaru [***...]
Gold:   285        SH: 11    Dex: 11    Spells: 8/8 levels left

rFire   . . .      SeeInvis .     - Unarmed
rCold   + . .      Faith    .   i - +0 buckler
rNeg    + + +      Spirit   .   f - +0 ring mail
rPois   ∞          Reflect  +   (no helmet)
rElec   .          Harm     .   (no cloak)
rCorr   .          Rampage  .   (no gloves)
Will    .....                   (no boots)
Stlth   +++.......              h - amulet of reflection
HPRegen 0.00/turn               q - +4 ring of protection
MPRegen 0.12/turn               (no ring)

@: mighty, heroic, inhibited regen
A: claws 1, cold resistance 1, negative energy resistance 3, inhibited
regeneration, torment resistance 2
a: Renounce Religion, Heroism


You were in a bailey.
You worshipped Okawaru.
Okawaru was most pleased with you.
You visited 2 branches of the dungeon, and saw 8 of its levels.
You also visited: Bailey.

You collected 285 gold pieces.

Inventory:

Missiles
 t - a throwing net (quivered)
Armour
 f - a +0 ring mail (worn)
 i - a +0 buckler (worn)
Jewellery
 h - an amulet of reflection (around neck)
 q - a +4 ring of protection (left claw)
Scrolls
 c - a scroll of magic mapping {unknown}
 d - a scroll of torment {unknown}
 e - 3 scrolls of enchant weapon {unknown}
 g - a scroll of vulnerability {unknown}
 k - a scroll of blinking {unknown}
 m - 2 scrolls of teleportation {unknown}
 o - 2 scrolls of immolation {unknown}
 p - a scroll of fog {unknown}
 r - a scroll of brand weapon {unknown}
Potions
 l - a potion of mutation
 n - 2 potions of lignification
 s - a potion of magic {unknown}


   Skills:
 * Level 7.1(12.1) Fighting
 + Level 3.5(8.5) Armour
 + Level 4.5(9.5) Dodging
 - Level 2.1(7.1) Stealth
 - Level 4.5(9.5) Shields
 * Level 7.2(12.2) Unarmed Combat
 + Level 4.0 Invocations


You had 8 spell levels left.
You didn't know any spells.
Your spell library contained the following spells:

 Spells                   Type           Power      Damage    Failure   Level
 Foxfire                  Conj/Fire      0%         2x1d4     67%         1
 Conjure Flame            Conj/Fire      0%         6-21      96%         3
 Inner Flame              Hex/Fire       0%         N/A       96%         3
 Flame Wave               Conj/Fire      0%         2d4       100%        4


Dungeon Overview and Level Annotations

Branches:
Dungeon (6/15)             Temple (1/1) D:4          Bailey (1/1)

Altars:
Ashenzari
Cheibriados
Dithmenos
Elyvilon
Fedhas
Gozag
Hepliaklqana
Kikubaaqudgha
Makhleb
Okawaru
Qazlal
Ru
Sif Muna
Uskayaw
Vehumet
Wu Jian
Yredelemnul
Zin
The Shining One

Shops:
D:3 :   D:4 :*=

Annotations:
D:9 3 runed translucent doors Bailey 2 runed translucent doors


Innate Abilities, Weirdness & Mutations

You thrive by killing the living.
You are immune to poison.
You have sharp fingernails.
Your flesh is cold resistant. (rC+)
You are immune to negative energy. (rN+++)
You do not regenerate when monsters are visible.
You are immune to unholy pain and torment.


Message History

a +0 glaive; a +0 scale mail The orc warrior no longer looks unusually strong.
The orc knight roars a battlecry!
The orc warrior goes into a battle-frenzy!
Things that are here:
a +0 spear; a +0 scale mail
As you read the scroll labelled LETA SUPANNIXESCH, it crumbles to dust.
It is a scroll of identify.
n - 2 potions of lignification You block the orc warrior's attack.
As you read the scroll of identify, it crumbles to dust.
l - a potion of mutation You block the orc warrior's attack.
As you read the scroll of identify, it crumbles to dust.
b - a potion of might The orc knight roars a battlecry!
The orc goes into a battle-frenzy!
You block the orc warrior's attack.
Okay, then.
An orc warrior comes into view. It is wielding a +0 halberd.
You gain the combat prowess of a mighty hero.
You block the orc warrior's attack.
You feel very mighty all of a sudden.
It was a potion of heal wounds.
You feel much better. You block the orc warrior's attack.
The orc knight hits you with a +0 halberd!
You block the orc warrior's attack.
You claw the orc knight!
The orc knight is lightly wounded.
The orc knight roars a battlecry!
The orc warrior goes into a battle-frenzy!
The orc warrior hits you with a +0 halberd!
* * * LOW HITPOINT WARNING * * *
You mangle the orc knight!!
The orc knight is heavily wounded.
The orc warrior barely misses you.
You barely miss the orc warrior. You block the orc warrior's attack.
The orc warrior barely misses you. The orc knight misses you.
The orc warrior hits you from afar with a +0 glaive!!
You die...

.####''####.$# ##
###........####..#
.................#
.......)...♣....♣
≈...#....#...♣♣♣
≈≈≈≈#..)o#≈≈≈≈≈♣
≈≈≈ #.ooo#≈≈≈≈≈≈≈#
≈≈≈ #...o#≈≈≈≈≈≈≈#
≈≈≈#..o@#≈≈≈≈≈≈≈#
...#....#....≈≈≈#
..............≈≈#
#.♣♣.......♣.♣..♣#
.♣............♣
............###
##..........##
#..........#
#♣..∩..∩..♣#


You could see an orc knight, 4 orc warriors and an orc (strong).

Vanquished Creatures
  Pikel (D:4)
  Grinder (D:4)
  3 yaks (D:9)
  Menkaure (D:5)
  An orc warrior (Bailey)
  4 necrophages
  A centaur (D:9)
  A howler monkey (D:4)
  A bullfrog skeleton (D:5)
  3 iguanas
  3 orc wizards
  2 howler monkey zombies
  6 adders
  An adder skeleton (D:4)
  4 dart slugs
  9 orcs
  10 endoplasms
  A giant cockroach (D:3)
  6 goblins
  8 hobgoblins
  7 jackals
  6 quokkas
  7 ball pythons
  5 bats
  4 frilled lizards
  5 kobolds
  4 rats
105 creatures vanquished.

Vanquished Creatures (others)
  An orc warrior (D:4)
1 creature vanquished.

Grand Total: 106 creatures vanquished

Notes
Turn   | Place    | Note
-------+----------+-------------------------------------------
     0 | D:1      | HallandMoats the Ghoul Monk began the quest for the Orb.
     0 | D:1      | Reached XP level 1. HP: 19/19 MP: 0/0
   112 | D:1      | Reached XP level 2. HP: 24/26 MP: 1/1
   420 | D:1      | Reached XP level 3. HP: 26/33 MP: 2/2
   651 | D:1      | Found a faded altar of an unknown god.
   780 | D:2      | Reached skill level 1 in Armour
   913 | D:2      | Reached XP level 4. HP: 40/40 MP: 3/3
  1209 | D:3      | Found an opulent altar of Gozag.
  1210 | D:3      | Found an ornate altar of the Wu Jian Council.
  1496 | D:3      | Found a broken altar of Ashenzari.
  1678 | D:3      | Noticed a necrophage
  1688 | D:3      | Killed a necrophage
  1689 | D:3      | Reached skill level 1 in Shields
  1689 | D:3      | Reached XP level 5. HP: 42/47 MP: 4/4
  1988 | D:3      | Found Xeic's Book Emporium.
  2194 | D:4      | Noticed Pikel
  2197 | D:4      | Reached XP level 6. HP: 50/53 MP: 5/5
  2203 | D:4      | Found a blossoming altar of Fedhas.
  2228 | D:4      | Found Fehel's Jewellery Shoppe.
  2429 | D:4      | Noticed an orc warrior
  2494 | D:5      | Entered Level 5 of the Dungeon
  2669 | D:5      | Noticed a necrophage
  2686 | D:5      | Killed a necrophage
  2687 | D:5      | Reached skill level 5 in Fighting
  2687 | D:5      | Reached skill level 5 in Unarmed Combat
  2794 | D:4      | Noticed Grinder
  2794 | D:4      | Found Fuogycem's Assorted Antiques.
  2833 | D:4      | Killed Grinder
  2834 | D:4      | Reached XP level 7. HP: 61/61 MP: 6/6
  3608 | D:4      | Found a staircase to the Ecumenical Temple.
  3671 | Temple   | Entered the Ecumenical Temple
  3775 | Temple   | Became a worshipper of Warmaster Okawaru
  3775 | Temple   | Reached * piety under Okawaru
  3775 | Temple   | Reached ** piety under Okawaru
  3829 | D:4      | Killed Pikel
  3830 | D:4      | Reached XP level 8. HP: 36/70 MP: 4/8
  4069 | D:4      | Found Padwam's Book Shoppe.
  4411 | D:5      | Noticed Menkaure
  4654 | D:5      | Killed Menkaure
  4654 | D:5      | Reached *** piety under Okawaru
  4996 | D:6      | You fall into a shaft and drop 3 floors!
  4996 | D:9      | Noticed a yak
  4996 | D:9      | Noticed a yak
  4996 | D:9      | Noticed a yak
  5005 | D:9      | Found a runed translucent door.
  5012 | D:9      | Killed a yak
  5013 | D:9      | Reached XP level 9. HP: 78/78 MP: 8/10
  5039 | D:9      | Found a runed translucent door.
  5071 | D:9      | Found a runed translucent door.
  5076 | D:9      | Found a flagged portal.
  5154 | Bailey   | Entered a bailey
  5373 | Bailey   | Noticed an orc knight
  5378 | Bailey   | Found a large runed translucent door.
  5378 | Bailey   | Found a large runed translucent door.
  5380 | Bailey   | Noticed a deep elf pyromancer
  5406 | Bailey   | Mangled by an orc warrior

Illustrated notes

Levels and vault maps discovered:
D:1:      wheals_arrival_shading, layout_basic, ebering_ecumenical_altar_hall,
          chequers_serial_rivers_small_a
D:2:      layout_rooms, uniq_crazy_yiuf_cottage
D:3:      layout_basic, nicolae_ashenzari_skybound,
          chequers_temple_overflow_statue_of_worship, serial_shops, shop
D:4:      layout_rooms, mainiacjoe_overflow_paths, minmay_temple_entry_tees,
          serial_shops, kennysheep_mini_moat, nicolae_take_the_stairs,
          nicolae_stop_n_shop_2, nrook_mini_backslash, minmay_door_square,
          uniq_pikel, uniq_grinder
D:5:      layout_rooms, chequers_serial_rivers_micro_a, uniq_menkaure
D:6:      layout_basic, old_standard_altar, serial_shops, shop_fountains,
          uniq_maggie, uniq_eustachio, uniq_sigmund
D:9:      layout_roguey, orc_0_dummy, enter_bailey_3,
          minmay_statue_crystal_thing
Temple:   regret_index_temple_waves
Bailey:   bailey_polearm_elven_captive_hellmonk, bailey

Skill      XL: |  1  2  3  4  5  6  7  8  9 |
---------------+----------------------------+-----
Armour         | 1 2 3 |  3.5
Unarmed Combat | 4 5 6 7 |  7.2
Dodging        | 3 4 |  4.5
Fighting       | 4 5 6 7 |  7.1
Shields        | 1 2 3 4 |  4.5
Invocations    | 2 3 4 |  4.0
Stealth        | |  2.1

Action                   |  1- 3 |  4- 6 |  7- 9 || total
-------------------------+-------+-------+-------++-------
Melee: Unarmed           |    98 |   182 |   174 ||   454
Invok: Heroism           |       |       |     4 ||     4
  Use: Scroll            |       |       |     3 ||     3
       Potion            |       |       |     2 ||     2
 Stab: Sleeping          |     4 |     1 |     1 ||     6
Armor: Robe              |     7 |       |       ||     7
       Ring mail         |    31 |    52 |    43 ||   126
Dodge: Dodged            |    72 |    72 |    92 ||   236
Block: Buckler           |       |    45 |    96 ||   141
       Reflection        |       |     1 |     7 ||     8

Table legend: (Time is in decaauts)
 A = Elapsed time spent in this place.
 B = Non-inter-level travel time spent in this place.
 C = Inter-level travel time spent in this place.
 D = Time resting spent in this place.
 E = Time spent auto-exploring this place.
 F = Levels seen in this place.
 G = Mean time per level.
                   A        B        C        D        E       F      G
               +--------+--------+--------+--------+--------+-----+--------+
         Total |   5384 |   5227 |    157 |   1099 |   3052 |   9 |  598.2 |
       Dungeon |   5007 |   4888 |    119 |    931 |   2970 |   7 |  715.3 |
        Temple |    128 |     90 |     38 |      0 |     74 |   1 |  128.0 |
        Bailey |    248 |    248 |      0 |    168 |      8 |   1 |  248.0 |
               +--------+--------+--------+--------+--------+-----+--------+

Top non-repeatable levels by time:
     D:4: 1787 daAuts
     D:3: 1182 daAuts
     D:1: 761 daAuts
     D:5: 703 daAuts
     D:2: 419 daAuts
  Bailey: 248 daAuts
     D:9: 153 daAuts
  Temple: 128 daAuts
